 Dungeon Crawl Stone Soup version 0.31.0-11-ge490571c62 (webtiles) character file.

Game seed: 997014947678786127

31 Silvore the Trooper (level 3, 0/29 HPs)
             Began as a Demonspawn Fighter on Feb 7, 2024.
             Slain by a goblin
             ... wielding a +3 dagger
             ... led by Robin
              (2 damage)
             ... on level 2 of the Dungeon.
             The game lasted 00:01:33 (1232 turns).

Silvore the Trooper (Demonspawn Fighter)            Turns: 1232, Time: 00:01:34

Health: 0/29       AC:  8    Str: 18    XL:     3   Next: 7%
Magic:  3/3        EV:  9    Int:  8    God:
Gold:   65         SH:  4    Dex: 12    Spells: 2/2 levels left

rFire   . . .        a - +0 long sword
rCold   . . .        c - +0 buckler
rNeg    . . .        b - +0 scale mail
rPois   .            (no helmet)
rElec   .            (no cloak)
rCorr   .            (no gloves)
SInv    .            (no boots)
Will    .....        (no amulet) Stlth
                     (no ring)
HPRegen 1.24/turn    (no ring)
MPRegen 0.08/turn

%: no passive effects
@: no status effects
A: yellow scales 1, powered by death 1
a: no special abilities


You were on level 2 of the Dungeon.
You visited 1 branch of the dungeon, and saw 2 of its levels.

You collected 65 gold pieces.

Inventory:

Hand Weapons
 a - a +0 long sword (weapon)
Armour
 b - a +0 scale mail (worn)
 c - a +0 buckler (worn)
Jewellery
 h - an amulet of reflection
Scrolls
 g - a scroll of enchant weapon {unknown}
Potions
 d - a potion of might
 e - 2 potions of mutation {unknown}
 f - 2 potions of heal wounds


   Skills:
 + Level 3.2 Fighting
 + Level 2.3 Long Blades
 + Level 3.1 Armour
 + Level 0.5 Dodging
 + Level 2.8 Shields


You had 2 spell levels left.
You didn't know any spells.
Your spell library was empty.

Dungeon Overview and Level Annotations

Branches:
Dungeon (2/15)

Altars:

Annotations:
D:2 Robin


Innate Abilities, Weirdness & Mutations

You are partially covered in yellow scales. (AC +2)
You regenerate a little health from kills.


Message History

A goblin is nearby!
A goblin is nearby! 2 goblins come into view.
The goblin shouts! x2; You hear a shout! x2
Robin and a goblin come into view.
Robin shouts!
The goblin shouts!
Robin throws the goblin at you!
The goblin hits you with a glowing dagger.
A hobgoblin comes into view.
Robin says, "Duck!"
Robin throws the goblin at you! The goblin hits you but does no damage.
You block the goblin's attack.
The goblin shouts!
The goblin hits you with a +0 club.
You slash the goblin!
You kill the goblin!
Robin roars a battlecry!
The goblins go into a battle-frenzy!
The goblin hits you with a +3 dagger. The goblin hits you with a +0 dagger.
The goblin barely misses you. The goblin closely misses you.
You hear a shout!
The goblin closely misses you.
You barely miss the goblin. The goblin hits you but does no damage.
The goblin barely misses you. The goblin hits you but does no damage.
The goblin closely misses you.
You closely miss the goblin.
The goblin hits you but does no damage. x2
You block the goblin's attack. The goblin hits you with a +3 dagger.
You miss the goblin. The goblin barely misses you.
The goblin hits you but does no damage. You block the goblin's attack.
The goblin hits you with a +3 dagger! The goblin hits you with a +0 club.
The goblin barely misses you. The goblin hits you with a +0 club.
The goblin hits you with a +3 dagger.
* * * LOW HITPOINT WARNING * * *
Unknown command.
You slash the goblin!
You kill the goblin!
The goblin hits you with a +0 club.
* * * LOW HITPOINT WARNING * * *
You block the goblin's attack. The goblin hits you with a +3 dagger.
You die... .# ## ..# ♣♣♣ #P. # #.# ♣PP

# .P#. #.# ♣. ... .!#
#.# ♣♣ ##..# #)####.##
♣ .g....##@##...###.#
♣♣ #.gggg........# ♣♣♣P
#.g#?##...##### ♣♣P..
#...####.## #♣...♣
#...# #.# #..P.♣
##.[..###.### #.♣♣♣#
............#####..###
###.##.###.............
#.................###


You could see Robin and 4 goblins.

Vanquished Creatures
  2 ribbon worms (D:2)
  A ball python (D:1)
  3 endoplasms (D:1)
  A giant cockroach (D:1)
  4 goblins
  3 hobgoblins
  A kobold (D:1)
  A quokka (D:1)
  4 bats
  A frilled lizard (D:2)
  3 rats (D:1)
24 creatures vanquished.

Vanquished Creatures (collateral kills)
  A rat (D:1)
1 creature vanquished.

Grand Total: 25 creatures vanquished

Notes
Turn   | Place    | Note
-------+----------+-------------------------------------------
     0 | D:1      | Silvore the Demonspawn Fighter began the quest for the Orb.
     0 | D:1      | Reached XP level 1. HP: 18/18 MP: 1/1
   268 | D:1      | Gained mutation: You are partially covered in yellow
                  | scales. (AC +2) [demonic ancestry]
   268 | D:1      | Reached XP level 2. HP: 24/24 MP: 2/2
   992 | D:2      | Gained mutation: You regenerate a little health from kills.
                  | [demonic ancestry]
   992 | D:2      | Reached XP level 3. HP: 5/29 MP: 3/3
  1225 | D:2      | Noticed Robin
  1232 | D:2      | Slain by a goblin

Illustrated notes

Levels and vault maps discovered:
D:1:      evilmike_arrival_fibonacci_small, layout_basic
D:2:      layout_loops_ring, serial_forest, infiniplex_forest_end_2,
          infiniplex_forest_straight_3, infiniplex_forest_split,
          infiniplex_forest_clump_tiny, basic_altar,
          pf_guarded_unrand_woodcutter, uniq_robin

Skill      XL: |  1  2 |
---------------+-------+-----
Armour         | 3 |  3.1
Long Blades    | 2 |  2.3
Fighting       | |  3.2
Dodging        | |  0.5
Shields        | |  2.8

Action                     || total
---------------------------++-------
  Melee: Long sword        ||    97
    Use: Scroll            ||     2
 Armour: Scale mail        ||   106
  Dodge: Dodged            ||    54
  Block: Buckler           ||    35
